 Dungeon Crawl Stone Soup version 0.30-a0-422-g946f4849ff (webtiles) character file.

Game seed: 10493718163757647723

28 scionoferis the Covered (level 2, 0/27 HPs)
             Began as an Armataur Fighter on Dec 8, 2022.
             Slain by Natasha (8 damage)
             ... on level 2 of the Dungeon.
             The game lasted 00:01:29 (1215 turns).

scionoferis the Covered (Armataur Fighter)          Turns: 1215, Time: 00:01:30

Health: 0/27       AC:  6    Str: 21    XL:     2   Next: 96%
Magic:  2/2        EV:  7    Int:  8    God:
Gold:   105        SH:  4    Dex:  9    Spells: 1/1 levels left

rFire   . . .      SeeInvis .    a - +0 flail
rCold   . . .      Faith    .    c - +0 buckler
rNeg    . . .      Spirit   .    b - +0 scale mail
rPois   .          Reflect  .    (no helmet)
rElec   .          Harm     .    (no cloak)
rCorr   .          Roll     +    (no gloves)
Will    .....                    (no barding)
Stlth   ..........               (no amulet)
HPRegen 0.24/turn                (no ring)
MPRegen 0.08/turn                (no ring)

@: no status effects
A: large, rugged brown scales 3, deformed body, armoured tail, roll, long
tongue, awkward tongue
a: no special abilities


You were on level 2 of the Dungeon.
You visited 1 branch of the dungeon, and saw 2 of its levels.

You collected 105 gold pieces.


Innate Abilities, Weirdness & Mutations

You are completely covered in rugged brown scales. (AC +3, +7% HP)
Armour fits poorly on your strangely shaped body.
You have a long armoured tail.
You roll when moving toward enemies. (Rampage)
Your long tongue fully drains potion bottles. (2x potion effects)
Your tongue gives you trouble enunciating. (1.5x scroll delay)


   Skills:
 + Level 3.0 Fighting
 * Level 2.6 Maces & Flails
 - Level 3.6 Armour
 + Level 3.6 Shields


You had one spell level left.
You didn't know any spells.
Your spell library contained the following spells:

 Spells                   Type           Power      Damage    Failure   Level
 Apportation              Tloc           0%         N/A       82%         1
 Foxfire                  Conj/Fire      0%         2x1d4     82%         1
 Magic Dart               Conj           0%         1d3       82%         1

Inventory:

Hand Weapons
 a - a +0 flail (weapon)
Missiles
 i - 5 poisoned darts (quivered)
 k - 4 boomerangs
Armour
 b - a +0 scale mail (worn)
 c - a +0 buckler (worn)
Scrolls
 f - a scroll of teleportation {unknown}
 g - 3 scrolls of butterflies {unknown}
 h - 3 scrolls of identify {unknown}
 j - a scroll of fear {unknown}
Potions
 d - a potion of might
 e - 2 potions of curing {unknown}

Dungeon Overview and Level Annotations

Branches:
Dungeon (2/15)

Altars:

Annotations:
D:2 Natasha

.....#..
......................
..#####.#
.........######.....##
........# .........#
.......... ...###.##
.........###.##.....#.
.....#.#
..##................#.
..##.#.## .
######.##.##.....#.
...#.#.. # #$.[..#
####.##. .#.#.#.### .#
#.######.# ##.....
.#.#.#.#.##. #@# #.#
#...... .#.#...#...
#h# #.# #.#####
.....#.#.# .# #5# #.#
#.# .........# .# #..
#.# #.# ##.###.#.##.#
### #.# #.#
#..........#
#########.###.#
######.#.#..#
#...........^.#
.......#.#.##
#.#######.#####
########.#.# #.# #.#


You could see Natasha and a crimson imp (summoned).


Message History

Welcome, scionoferis the Armataur Fighter.
The fantabulous Orb of Zot lies far below, as if waiting for you to find it.
Press ? for a list of commands and other information.
Found a staircase leading out of the dungeon.
You open the door.
There is an open door here.
You open the door.
Found a stone staircase leading down.
There is an open door here.
Found a short sword.
A frilled lizard and a goblin come into view.
The goblin is wielding a +2 vampiric dagger.
The frilled lizard hisses angrily.
The goblin shouts!
You closely miss the frilled lizard.
The frilled lizard bites you but does no damage.
You barely miss the frilled lizard. You tail-slap the frilled lizard.
You kill the frilled lizard!
You barely miss the goblin. The goblin hits you but does no damage.
The goblin barely misses you.
You thump the goblin!
You kill the goblin!
No target in view!
Things that are here:
a +2 vampiric dagger; a goblin corpse
Things that are here:
a +2 vampiric dagger; a goblin corpse A frilled lizard comes into view.
The frilled lizard hisses angrily.
Found 9 stones.
You barely miss the frilled lizard.
The frilled lizard bites you but does no damage.
You sock the frilled lizard!
You kill the frilled lizard!
No target in view!
You open the door.
An endoplasm and a ball python come into view.
The endoplasm quivers.
The ball python hisses angrily.
You roll towards the ball python!
A quokka comes into view.
You see here a glowing amethyst potion.
You barely miss the ball python.
Your tail-slap misses the ball python.
The ball python bites you but does no damage.
You barely miss the ball python.
The ball python bites you but does no damage.
The ball python barely misses you. You block the endoplasm's attack.
You hit the endoplasm but do no damage. The ball python bites you.
The endoplasm freezes you.
You are frozen.
The ball python bites you.
You sock the quokka!
You kill the quokka!
The endoplasm freezes you.
You are frozen.
The ball python bites you but does no damage.
Your Maces & Flails skill increases to level 2!
You are too injured to fight recklessly!
You are too injured to fight recklessly!
You are too injured to fight recklessly!
You are too injured to fight recklessly!
You thump the endoplasm!
You kill the endoplasm!
The ball python barely misses you. The ball python closely misses you.
You barely miss the ball python. The ball python closely misses you.
The ball python bites you but does no damage.
You barely miss the ball python. You tail-slap the ball python.
The ball python is moderately wounded.
The ball python bites you.
* * * LOW HITPOINT WARNING * * *
You hit the ball python.
You kill the ball python!
You start resting.
HP restored.
e - a glowing amethyst potion
f - a scroll labelled SENERA ZIURO
Found a faded altar of an unknown god.
There is a faded altar of an unknown god here.
g - a scroll labelled BUFAOGOMUCW You now have 14 gold pieces.
You open the door.
There is an open door here.
A bat comes into view.
The bat hits you but does no damage.
You roll towards the bat!
You barely miss the bat. The bat hits you but does no damage.
You block the bat's attack. The bat hits you but does no damage.
You hit the bat.
You kill the bat!
No target in view!
A frilled lizard comes into view.
The frilled lizard hisses angrily.
You roll towards the frilled lizard!
Found 5 poisoned darts.
The frilled lizard completely misses you.
You thump the frilled lizard!
You kill the frilled lizard!
No target in view!
h - a scroll labelled NUIREATETH Search for what [? for help]? dart
Found a scroll labelled NUIREATETH.
A ball python comes into view.
The ball python hisses angrily.
The ball python moves out of view.
There are no items here.
You see here 5 poisoned darts.
i - 5 poisoned darts You closely miss the ball python.
The ball python bites you but does no damage.
You sock the ball python!
You kill the ball python!
You have reached level 2!
h - 2 scrolls labelled NUIREATETH (gained 1)
An endoplasm comes into view.
The endoplasm quivers.
You hit the endoplasm.
The endoplasm is severely wounded.
You block the endoplasm's attack. The endoplasm freezes you.
You are frozen.
You hit the endoplasm but do no damage. You tail-slap the endoplasm.
The endoplasm is almost dead.
The endoplasm freezes you.
You are frozen.
You barely miss the endoplasm.
The endoplasm is almost dead.
The endoplasm hits you but does no damage.
You thump the endoplasm!
You kill the endoplasm!
h - 3 scrolls labelled NUIREATETH (gained 1)
You now have 24 gold pieces (gained 10).
You now have 30 gold pieces (gained 6).
Found a stone staircase leading down.
An endoplasm comes into view.
The endoplasm quivers.
You roll towards the endoplasm!
The endoplasm hits you.
You hit the endoplasm.
You kill the endoplasm!
No target in view!
You now have 38 gold pieces (gained 8).
You now have 54 gold pieces (gained 16).
Found a stone staircase leading down.
A ball python comes into view.
The ball python hisses angrily.
You roll towards the ball python!
The ball python bites you but does no damage.
The ball python barely misses you.
You barely miss the ball python.
Your tail-slap misses the ball python.
The ball python completely misses you.
You hit the ball python.
You kill the ball python!
No target in view!
A goblin comes into view. It is wielding a +0 club.
The goblin shouts!
You see here a ball python corpse.
A goblin is nearby!
Found a robe.
The goblin completely misses you.
You hit the goblin.
The goblin is moderately wounded.
The goblin barely misses you.
You barely miss the goblin.
The goblin is moderately wounded.
The goblin hits you with a +0 club.
You closely miss the goblin.
The goblin is moderately wounded.
The goblin hits you but does no damage. You block the goblin's attack.
You barely miss the goblin.
The goblin is moderately wounded.
The goblin hits you but does no damage.
You thump the goblin!
You kill the goblin!
No target in view!
A quokka comes into view.
You miss the quokka. The quokka bites you. x2
You barely miss the quokka. The quokka closely misses you.
You hit the quokka.
The quokka is severely wounded.
You block the quokka's attack. The quokka bites you.
You closely miss the quokka.
The quokka is severely wounded.
The quokka bites you but does no damage.
The quokka closely misses you.
You sock the quokka!
You kill the quokka!
No target in view!
You see here a ball python corpse.
You open the door.
Found an escape hatch in the floor.
You open the door.
There is an open door here.
There is an open door here.
You open the door.
There is an open door here.
You open the door.
There is an open door here.
A kobold comes into view. It is wielding a +0 short sword.
The kobold shouts!
The kobold barely misses you.
You closely miss the kobold. The kobold hits you but does no damage.
You barely miss the kobold. The kobold closely misses you.
You closely miss the kobold. The kobold barely misses you.
You sock the kobold!
You kill the kobold!
No target in view!
Done exploring.
There is a stone staircase leading down here.
Search for what [Enter for "dart", or ? for help]? d: Unknown command.
You climb downwards.
Found 12 gold pieces.
There is a stone staircase leading up here.
You now have 66 gold pieces (gained 12).
A quokka comes into view.
You block the quokka's attack.
You miss the quokka.
The quokka bites you but does no damage.
You closely miss the quokka. You block the quokka's attack. x2
You miss the quokka. The quokka barely misses you.
You closely miss the quokka.
Your tail-slap misses the quokka.
The quokka bites you. You block the quokka's attack.
You hit the quokka.
The quokka is severely wounded.
The quokka barely misses you.
You closely miss the quokka.
The quokka is severely wounded.
The quokka bites you. The quokka barely misses you.
You hit the quokka.
Your tail-slap misses the quokka.
The quokka is almost dead.
The quokka closely misses you. The quokka bites you.
You sock the quokka!
You kill the quokka!
No target in view!
HP restored.
An endoplasm comes into view.
The endoplasm quivers.
An endoplasm is nearby!
You roll towards the endoplasm!
You sock the endoplasm!
You kill the endoplasm!
No target in view!
e - 2 glowing amethyst potions (gained 1)
Found a flail.
g - 3 scrolls labelled BUFAOGOMUCW (gained 2)
j - a scroll labelled DIUQYMP SUMI A giant cockroach comes into view.
A giant cockroach is nearby!
You roll towards the giant cockroach!
You roll towards the giant cockroach!
You closely miss the giant cockroach. The giant cockroach bites you.
You hit the giant cockroach.
You kill the giant cockroach!
No target in view!
Found a stone staircase leading down.
A kobold comes into view. It is wielding a +0 dagger.
The kobold shouts!
The kobold closely misses you.
You miss the kobold. The kobold hits you but does no damage.
You hit the kobold.
You kill the kobold!
No target in view!
A kobold comes into view. It is wielding a +0 club.
The kobold hits you with a +0 club.
You thump the kobold!
You kill the kobold!
No target in view!
You now have 78 gold pieces (gained 12).
You see here a +0 club.
Found a sling.
No target in view!
A kobold comes into view. It is wielding a +0 short sword.
The kobold shouts!
A kobold is nearby!
The kobold hits you with a +0 short sword.
You closely miss the kobold. You block the kobold's attack.
You hit the kobold.
You kill the kobold!
No target in view!
You now have 86 gold pieces (gained 8).
You pick up Hatoy's Beginning Course on Spellcraft and begin reading...
You add the spells Magic Dart, Foxfire and Apportation to your library.
Found 7 stones.
Found 4 boomerangs.
Found an escape hatch in the ceiling.
Found a stone staircase leading down.
You see here 4 boomerangs.
k - 4 boomerangs A rat comes into view.
You barely miss the rat. The rat closely misses you.
You closely miss the rat. The rat bites you.
You hit the rat.
You kill the rat!
Your Fighting skill increases to level 3!
No target in view!
A bat comes into view.
A bat is nearby!
You block the bat's attack.
You completely miss the bat. The bat hits you but does no damage.
You sock the bat!
You kill the bat!
No target in view!
There is a shaft here.
A bat comes into view.
You block the bat's attack.
You miss the bat. The bat hits you but does no damage. x2
You barely miss the bat. The bat barely misses you.
You miss the bat. The bat hits you. The bat closely misses you.
You completely miss the bat. The bat barely misses you.
You closely miss the bat. The bat hits you but does no damage.
You block the bat's attack.
You miss the bat. The bat closely misses you. The bat barely misses you.
You roll towards the bat!
You barely miss the bat. You block the bat's attack.
The bat hits you but does no damage.
You closely miss the bat. The bat barely misses you.
You barely miss the bat. You block the bat's attack.
You sock the bat!
You kill the bat!
No target in view!
A hobgoblin comes into view.
The hobgoblin shouts!
You roll towards the hobgoblin!
You roll towards the hobgoblin!
The hobgoblin hits you but does no damage.
You barely miss the hobgoblin.
You tail-slap the hobgoblin, but do no damage.
The hobgoblin barely misses you. x2
You hit the hobgoblin.
The hobgoblin is lightly wounded.
The hobgoblin barely misses you.
You hit the hobgoblin.
The hobgoblin is severely wounded.
The hobgoblin hits you.
You hit the hobgoblin.
You kill the hobgoblin!
No target in view!
You now have 105 gold pieces (gained 19).
Found a leather armour.
You see here a +0 leather armour.
Found a glaive.
Natasha, Servant of Life and Death comes into view.
Natasha mumbles some strange words.
You see here 13 gold pieces.
You roll towards Natasha!
You hit Natasha.
You tail-slap Natasha, but do no damage.
Natasha is lightly wounded.
Natasha barely misses you.
You closely miss Natasha.
Your tail-slap misses Natasha.
Natasha is lightly wounded.
Natasha casts a spell at you. The magic dart hits you.
You closely miss Natasha. Natasha claws you!
You closely miss Natasha.
Your tail-slap misses Natasha.
Natasha casts a spell at you. The magic dart hits you.
Natasha casts a spell at you. The magic dart hits you.
* * * LOW HITPOINT WARNING * * *
You barely miss Natasha. You block Natasha's attack.
Unknown command.
You closely miss Natasha.
Natasha wildly gestures.
Natasha's front paws start to glow.
Natasha claws you!
You die...

Skill      XL: |  1  2 |
---------------+-------+-----
Maces & Flails | 2 |  2.6
Fighting       | 3 |  3.0
Armour         | |  3.6
Shields        | |  3.6

Action                   || total
-------------------------++-------
Melee: Flail             ||    81
       Tailslap          ||     5
Armor: Scale mail        ||    25
Dodge: Dodged            ||    31
Block: Buckler           ||    16

Levels and vault maps discovered:
D:1:      psy_arrival_terrarium, layout_basic, ebering_ecumenical_altar_webs,
          roderic_lattice_a
D:2:      layout_basic, guppyfry_early_orc_mine, uniq_natasha, uniq_sigmund

Notes
Turn   | Place    | Note
-------+----------+-------------------------------------------
     0 | D:1      | scionoferis the Armataur Fighter began the quest for the
                  | Orb.
     0 | D:1      | Reached XP level 1. HP: 19/19 MP: 1/1
   115 | D:1      | Reached skill level 2 in Maces & Flails
   192 | D:1      | Found a faded altar of an unknown god.
   280 | D:1      | Reached XP level 2. HP: 26/26 MP: 2/2
   935 | D:2      | Got Hatoy's Beginning Course on Spellcraft
  1022 | D:2      | Reached skill level 3 in Fighting
  1208 | D:2      | Noticed Natasha
  1209 | D:2      | Noticed a crimson imp
  1215 | D:2      | Slain by Natasha

Vanquished Creatures
  4 endoplasms (D:1 D:2)
  A giant cockroach (D:2)
  2 goblins (D:1)
  A hobgoblin (D:2)
  4 kobolds (D:1 D:2)
  3 quokkas (D:1 D:2)
  3 ball pythons (D:1)
  3 bats (D:1 D:2)
  3 frilled lizards (D:1)
  A rat (D:2)
25 creatures vanquished.

Table legend: (Time is in decaauts)
 A = Elapsed time spent in this place.
 B = Non-inter-level travel time spent in this place.
 C = Inter-level travel time spent in this place.
 D = Time resting spent in this place.
 E = Time spent auto-exploring this place.
 F = Levels seen in this place.
 G = Mean time per level.
                   A        B        C        D        E       F      G
               +--------+--------+--------+--------+--------+-----+--------+
         Total |   1240 |   1209 |     31 |     59 |    958 |   2 |  620.0 |
       Dungeon |   1240 |   1209 |     31 |     59 |    958 |   2 |  620.0 |
               +--------+--------+--------+--------+--------+-----+--------+

Top non-repeatable levels by time:
     D:1: 815 daAuts
     D:2: 425 daAuts

Table legend:
 A = Non-vault XP
 B = Vault XP
 C = Vault XP percentage of total XP
 D = Non-vault monster count
 E = Vault monster count
 F = Vault count percentage of total count
                 A         B        C        D         E       F
            +---------+---------+-------+---------+---------+-------
      Total |      40 |       0 |   0.0 |      25 |       0 |   0.0
            +---------+---------+-------+---------+---------+-------
        D:1 |      24 |       0 |   0.0 |      15 |       0 |   0.0
        D:2 |      16 |       0 |   0.0 |      10 |       0 |   0.0
            +---------+---------+-------+---------+---------+-------
